 Dungeon Crawl Stone Soup version 0.29-a0-474-gdfe5cd140f (webtiles) character file.

Game seed: 7252011396056272654

256 Infinimo the Cudgeller (level 5, 0/41 HPs)
             Began as a Demonspawn Gladiator on May 24, 2022.
             Slain by an ogre
             ... wielding a +0 giant spiked club
              (24 damage)
             ... on level 4 of the Dungeon.
             The game lasted 00:04:27 (4146 turns).

Infinimo the Cudgeller (Demonspawn Gladiator)       Turns: 4146, Time: 00:04:27

Health: 0/41       AC:  8    Str: 14    XL:     5   Next: 92%
Magic:  8/8        EV: 13    Int: 11    God:
Gold:   174        SH:  4    Dex: 15    Spells: 8/8 levels left

rFire   . . .      SeeInvis .   a - +0 flail
rCold   . . .      Faith    .   (no shield)
rNeg    . . .      Spirit   .   b - +0 leather armour
rPois   .          Reflect  .   c - +0 helmet
rElec   .          Harm     .   (no cloak)
rCorr   .          Rampage  .   (no gloves)
Will    .....                   (no boots)
Stlth   +.........              (no amulet)
HPRegen 0.13/turn               (no ring)
MPRegen 0.11/turn               (no ring)

@: no status effects
A: icemail 1, condensation shield
a: no special abilities


You were on level 4 of the Dungeon.
You visited 1 branch of the dungeon, and saw 4 of its levels.

You collected 174 gold pieces.

Inventory:

Hand Weapons
 a - a +0 flail (weapon)
Missiles
 d - 3 throwing nets (quivered)
 e - a javelin
Armour
 b - a +0 leather armour (worn)
 c - a +0 helmet (worn)
Jewellery
 f - a ring of see invisible
 m - a ring of magical power
 t - a ring of resist corrosion
Wands
 k - a wand of digging (2)
Scrolls
 g - a scroll of silence
 h - a scroll of identify
 i - a scroll of summoning {unknown}
 j - 3 scrolls of acquirement {unknown}
 l - a scroll of enchant armour {unknown}
 o - 2 scrolls of teleportation {unknown}
 u - a scroll of noise {unknown}
 w - a scroll of poison
 x - a scroll of blinking {unknown}
 y - a scroll of enchant weapon {unknown}
Potions
 n - a potion of resistance
 p - a potion of heal wounds
 q - a potion of ambrosia {unknown}
 s - a potion of invisibility
 v - a potion of mutation {unknown}


   Skills:
 + Level 3.2 Fighting
 * Level 4.4 Maces & Flails
 - Level 1.7 Throwing
 + Level 3.6 Dodging
 + Level 2.0 Spellcasting


You had 8 spell levels left.
You didn't know any spells.
Your spell library contained the following spells:

 Spells                   Type           Power      Damage    Failure   Level
 Static Discharge         Conj/Air       1%         N/A       50%         2
 Blade Hands              Tmut           0%         N/A       100%        5
 Irradiate                Conj/Tmut      0%         3d13      100%        5
 Lightning Bolt           Conj/Air       0%         1d11      100%        5
 Dragon Form              Tmut           0%         N/A       100%        7
 Maxwell's Capacitive Co  Air            0%         ∞         100%        8


Dungeon Overview and Level Annotations

Branches:
Dungeon (4/15)
 Temple: D:4-7

Altars:
Ru
The Shining One

Annotations:
D:2 Sigmund
D:4 Grinder


Innate Abilities, Weirdness & Mutations

A meltable icy envelope protects you from harm. (AC +4)
A meltable shield of frost defends you. (SH +4)


Message History

You see here a +0 mace.
Your hearing returns.
An orc comes into view. It is wielding a +0 war axe.
An adder comes into view.
The adder attacks as you move away!
The orc shouts!
The adder attacks as you move away! You block the adder's attack.
The adder is moderately wounded.
You sock the adder!
You kill the adder!
The orc is severely wounded.
You thump the orc!
You kill the orc!
No target in view!
No target in view!
No target in view!
No target in view!
No target in view!
No target in view!
No target in view!
No target in view!
No target in view!
No target in view!
No target in view!
No target in view!
Things that are here:
a +0 war axe; an adder corpse
g - a scroll of silence An ogre comes into view.
It is wielding a +0 giant spiked club.
An ogre is nearby!
An ogre is nearby!
The ogre shouts!
An ogre is nearby!
The ogre is lightly wounded.
The ogre hits you with a +0 giant spiked club!
You sock the ogre!
The ogre is moderately wounded.
The ogre hits you with a +0 giant spiked club!!
Ouch! That really hurt!
You die...

......<..#
..
..........
..##.
##.#######
.... ##.
...# #..
#..# #.#
#... #..
#.#O########
#.#
#.#.@......+
...#
#.##..#.####
#####
#.##.##
####.##.#
#.......#
#..##.####
#. #.# ##
#.# .### #.#
..#


You could see an ogre.

Vanquished Creatures
  Jessica (D:2)
  An iguana (D:4)
  Terence (D:2)
  A gnoll (D:1)
  9 adders
  A worm (D:2)
  4 dart slugs
  5 orcs
  2 bats
  6 endoplasms
  3 giant cockroaches
  8 goblins
  9 hobgoblins
  A quokka (D:2)
  3 ball pythons
  5 frilled lizards
  9 kobolds
  7 rats
76 creatures vanquished.

Notes
Turn   | Place    | Note
-------+----------+-------------------------------------------
     0 | D:1      | Infinimo the Demonspawn Gladiator began the quest for the
                  | Orb.
     0 | D:1      | Reached XP level 1. HP: 16/16 MP: 1/1
   147 | D:1      | Found a faded altar of an unknown god.
   265 | D:1      | Gained mutation: A meltable shield of frost defends you.
                  | (SH +4) [demonic ancestry]
   265 | D:1      | Reached XP level 2. HP: 17/22 MP: 2/2
   436 | D:1      | Reached skill level 3 in Maces & Flails
   981 | D:1      | Gained mutation: A meltable icy envelope protects you from
                  | harm. (AC +4) [demonic ancestry]
   981 | D:1      | Reached XP level 3. HP: 28/28 MP: 4/4
  1095 | D:2      | Reached skill level 1 in Spellcasting
  1419 | D:2      | Noticed Jessica
  1424 | D:2      | Killed Jessica
  1425 | D:2      | Reached XP level 4. HP: 27/34 MP: 4/6
  1582 | D:2      | Noticed Terence
  1593 | D:2      | Killed Terence
  1703 | D:2      | Noticed Sigmund
  1859 | D:2      | Reached XP level 5. HP: 40/40 MP: 7/7
  2360 | D:2      | Reached skill level 4 in Maces & Flails
  2694 | D:3      | Found a sacrificial altar of Ru.
  2860 | D:3      | Identified the +0 scale mail of Pyagarr {Fly rN+ Dex-2}
  3303 | D:4      | Noticed Grinder
  3304 | D:4      | Paralysed by Grinder for 3 turns
  3360 | D:4      | Paralysed by Grinder for 2 turns
  3366 | D:4      | Paralysed by Grinder for 3 turns
  4140 | D:4      | Noticed an ogre
  4146 | D:4      | Slain by an ogre

Illustrated notes

Levels and vault maps discovered:
D:1:      heliophobic_arrival_battle_scene, layout_loops_ring, serial_aquarium,
          aquarium_bridge_straight [aquarium_subvault_bridge,
          aquarium_subvault_balcony, aquarium_subvault_bridge,
          aquarium_subvault_wall], aquarium_window_3, aquarium_window_corner,
          aquarium_window_fake, aquarium_view_2g, aquarium_view_2c,
          aquarium_balcony_3a, shapermc_ecumenical_altar_mp_urbaneastern
D:2:      layout_loops_corners, uniq_sigmund, uniq_terence, uniq_jessica
D:3:      layout_basic, amcnicky_altar_gilded,
          mainiacjoe_overflow_small_starburst
D:4:      layout_rooms, grunt_dithmenos_smoke, temple_doors_e, minivault_19,
          uniq_grinder

Skill      XL: |  1  2  3  4  5 |
---------------+----------------+-----
Maces & Flails | 3 4 |  4.4
Dodging        | 3 |  3.6
Spellcasting   | 1 2 |  2.0
Fighting       | 3 |  3.2
Throwing       | |  1.7

Action                   |  1- 3 |  4- 6 || total
-------------------------+-------+-------++-------
Melee: Flail             |    76 |   154 ||   230
       Punch             |     1 |     1 ||     2
  Use: Scroll            |       |     5 ||     5
       Potion            |       |     2 ||     2
 Stab: Sleeping          |     1 |     2 ||     3
       Distracted        |     1 |     1 ||     2
Armor: Leather armour    |    17 |    53 ||    70
Dodge: Dodged            |    39 |    89 ||   128
Block: Other             |    10 |    21 ||    31

Table legend: (Time is in decaauts)
 A = Elapsed time spent in this place.
 B = Non-inter-level travel time spent in this place.
 C = Inter-level travel time spent in this place.
 D = Time resting spent in this place.
 E = Time spent auto-exploring this place.
 F = Levels seen in this place.
 G = Mean time per level.
                   A        B        C        D        E       F      G
               +--------+--------+--------+--------+--------+-----+--------+
         Total |   4179 |   4035 |    144 |      0 |   3414 |   4 | 1044.8 |
       Dungeon |   4179 |   4035 |    144 |      0 |   3414 |   4 | 1044.8 |
               +--------+--------+--------+--------+--------+-----+--------+

Top non-repeatable levels by time:
     D:2: 1398 daAuts
     D:1: 1207 daAuts
     D:3: 1068 daAuts
     D:4: 505 daAuts
